 Dungeon Crawl Stone Soup version 0.18-a0-79-gb542d04 (webtiles) character file.

868 Duffy the Conjurer (level 8, -2/62 HPs)
             Began as a Naga Fire Elementalist on Nov 12, 2015.
             Was an Initiate of Cheibriados.
             Slain by a centaur
             ... wielding a +0 mace
              (4 damage)
             ... on level 6 of the Dungeon.
             The game lasted 00:07:50 (4995 turns).

Duffy the Conjurer (Naga Fire Elementalist)         Turns: 4995, Time: 00:07:50

Health: -2/62      AC:  9    Str: 13    XL:     8   Next: 3%
Magic:  4/12       EV: 15    Int: 16    God:    Cheibriados [......]
Gold:   366        SH:  0    Dex: 19    Spells: 3 memorised, 4 levels left

rFire  . . .     SeeInvis +     E - +5 flail (protect)
rCold  . . .     Clarity  .     a - +0 robe
rNeg   . . .     SustAt   .     (no shield)
rPois  +         Gourm    .     (no helmet)
rElec  .         Spirit   .     C - +0 cloak
rCorr  .         Warding  .     (no gloves)
rMut   .         Stasis   .     (no barding)
MR     +....                    (no amulet)
Stlth  ++++......               (no ring)
                                (no ring)

@: agile, marked, very slightly contaminated, very slow, somewhat resistant to
hostile enchantments, stealthy
A: see invisible, deformed body, poison resistance, slowness 2, slow metabolism
1, spit poison 2, AC +2
a: Spit Poison, Bend Time, Renounce Religion


You were on level 6 of the Dungeon.
You worshipped Cheibriados.
Cheibriados was noncommittal.
You were hungry.

You visited 2 branches of the dungeon, and saw 7 of its levels.

You collected 366 gold pieces.


Innate Abilities, Weirdness & Mutations

You cannot wear boots.
Your serpentine skin is tough (AC +2).
You have supernaturally acute eyesight.
Armour fits poorly on your strangely shaped body.
Your system is resistant to poisons.
You cover ground very slowly.
You have a slow metabolism.
You can spit poison.


   Skills:
 - Level 1.5 Dodging
 - Level 3.0 Stealth
 + Level 2.8 Spellcasting
 * Level 6.3 Conjurations
 * Level 6.3 Fire Magic


You had 4 spell levels left.
You knew the following spells:

 Your Spells              Type           Power        Failure   Level  Hunger
a - Flame Tongue          Conj/Fire      ###..        1%          1    #......
c - Conjure Flame         Conj/Fire      ###.....     4%          3    ###....
s - Sticky Flame          Conj/Fire      ###.....     14%         4    #####..

Inventory:

Hand Weapons
 i - a +0 dagger of venom
 E - a +5 flail of protection (weapon)
Missiles
 y - 9 poisoned needles
Armour
 a - a +0 robe (worn)
 C - a +0 cloak (worn)
 F - a +0 ring mail
Wands
 A - a wand of lightning (6)
Scrolls
 j - a scroll of random uselessness {unknown}
 p - 2 scrolls of remove curse {unknown}
 r - 2 scrolls of noise {unknown}
 s - a scroll of fog {unknown}
 v - a scroll of identify
 B - a scroll of magic mapping {unknown}
Potions
 g - a potion of magic {unknown}
 l - a potion of poison {unknown}
 m - a potion of invisibility {unknown}
 n - a potion of beneficial mutation {unknown}
 o - a potion of lignification {unknown}
 q - a potion of ambrosia {unknown}
 t - a potion of resistance {unknown}
 x - a potion of brilliance
 z - a potion of flight
 D - a potion of heal wounds {unknown}
Books
 b - a book of Flames
 w - a book of the Dragon
Comestibles
 c - 3 bread rations
 k - 4 meat rations
 u - a beef jerky

Dungeon Overview and Level Annotations

Branches:
Dungeon (6/15)             Temple (1/1) D:5

Altars:
Ashenzari
Cheibriados
Dithmenos
Elyvilon
Gozag
Nemelex Xobeh
Okawaru
Ru
Sif Muna
Xom
The Shining One


Message History

Drink which item? (? for menu, Esc to quit)
It was a potion of agility.
You feel agile all of a sudden.
Drink which item? (? for menu, Esc to quit)
It was a potion of curing.
You feel better.
The crimson imp hits you but does no damage.
The crimson imp hits you but does no damage.
You are too injured to fight recklessly!
You are too injured to fight recklessly!
You closely miss the crimson imp.
The crimson imp hits you but does no damage.
An adder comes into view.
You closely miss the crimson imp.
The crimson imp shouts, "Quit, thou jarring sheep-biting slabber!"
The crimson imp closely misses you.
The adder moves out of view.
The crimson imp hits you.
You sock the crimson imp!
The crimson imp is severely wounded.
The crimson imp hits you but does no damage.
The centaur shoots an arrow.
The arrow hits you!
Read which item? (? for menu, Esc to quit)
Blink to where?
Press: ? - help, Dir - move target cursor
As you read the scroll of blinking, it crumbles to dust.
You sock the centaur!
The centaur is heavily wounded.
The centaur unwields an uncursed shortbow.
The centaur wields an uncursed mace.
The centaur hits you with an uncursed mace.
The centaur hits you but does no damage.
You hit the centaur.
The centaur is heavily wounded.
The crimson imp hits you but does no damage.
The centaur hits you with an uncursed mace.
You die...

###.... #.
##.... #....
.... ..# ..#
#.# #c#####
#@5.(.#
#.S.....#
#...........
#......#.#.#.
#............
#......#.#.#.
####.#.......
#.#.#.#.#.


You could see a centaur, a crimson imp and an adder.

Action                   |  1- 3 |  4- 6 |  7- 9 || total
-------------------------+-------+-------+-------++-------
Melee: Dagger            |    38 |   100 |     2 ||   140
       Flail             |       |       |     5 ||     5
 Cast: Flame Tongue      |    31 |    45 |    22 ||    98
       Conjure Flame     |       |     2 |       ||     2
       Sticky Flame      |       |       |     3 ||     3
 Abil: Spit Poison       |    25 |    35 |     5 ||    65
  Use: Scroll            |       |       |     9 ||     9
       Potion            |       |       |     2 ||     2
 Stab: Distracted        |       |     1 |       ||     1
       Sleeping          |       |     1 |       ||     1
  Eat: Chunk             |     3 |     6 |     3 ||    12
       Bread ration      |       |     1 |       ||     1

Notes
Turn   | Place    | Note
--------------------------------------------------------------
     0 | D:1      | Duffy the Naga Fire Elementalist began the quest for the Orb.
     0 | D:1      | Reached XP level 1. HP: 15/15 MP: 3/3
   358 | D:1      | You fall through a shaft!
   664 | D:1      | Reached skill level 2 in Conjurations
   664 | D:1      | Reached XP level 2. HP: 11/22 MP: 0/5
  1064 | D:2      | Reached skill level 3 in Conjurations
  1064 | D:2      | Reached XP level 3. HP: 16/28 MP: 0/6
  1633 | D:2      | Reached XP level 4. HP: 32/36 MP: 5/7
  1757 | D:2      | Learned a level 3 spell: Conjure Flame
  2183 | D:3      | Reached skill level 4 in Fire Magic
  2183 | D:3      | Reached XP level 5. HP: 42/42 MP: 3/8
  2189 | D:3      | Learned a level 4 spell: Sticky Flame
  2506 | D:4      | Noticed a water moccasin
  2575 | D:5      | Entered Level 5 of the Dungeon
  2589 | D:5      | Found a sacrificial altar of Ru.
  2589 | D:5      | Found a glowing golden altar of the Shining One.
  2589 | D:5      | Found a shattered altar of Ashenzari.
  2590 | D:5      | Found a shadowy altar of Dithmenos.
  2600 | D:5      | Noticed an ogre
  2622 | D:5      | Killed an ogre
  2622 | D:5      | Reached skill level 4 in Conjurations
  2778 | D:5      | Reached XP level 6. HP: 49/49 MP: 7/9
  3362 | D:5      | Reached skill level 5 in Conjurations
  3362 | D:5      | Reached skill level 5 in Fire Magic
  3920 | D:5      | Reached XP level 7. HP: 52/55 MP: 4/10
  4073 | D:5      | Found a staircase to the Ecumenical Temple.
  4083 | Temple   | Entered the Ecumenical Temple
  4142 | Temple   | Became a worshipper of Cheibriados the Contemplative
  4735 | D:6      | Noticed Edmund
  4754 | D:6      | Killed Edmund
  4754 | D:6      | Reached skill level 6 in Conjurations
  4754 | D:6      | Reached skill level 6 in Fire Magic
  4960 | D:6      | Noticed a steam dragon
  4970 | D:6      | Killed a steam dragon
  4970 | D:6      | Reached XP level 8. HP: 38/62 MP: 3/12
  4995 | D:6      | Slain by a centaur

Vault maps used:
D:1:      lightli_arrival_quake, minmay_gold_behind_fungi
D:2:      kennysheep_another_room
D:4:      first_bread, lemuel_tele_altar
D:5:      grunt_temple_overflow_open, minmay_temple_entry_poolview
D:6:      serial_glass, glass_columns_c, glass_columns_a, uniq_edmund
Temple:   temple_island_7

Vanquished Creatures
  A steam dragon Edmund
  An ogre
  A centaur
  A giant frog
  A scorpion
  2 crimson imps
  A wasp zombie
  2 hounds
  An iguana
  8 adders
  3 orcs
  7 bats
  4 giant cockroaches
  8 goblins
  7 hobgoblins
  10 kobolds
  3 quokkas
  A ball python
  2 giant geckos
  A giant gecko skeleton
  6 giant newts
  A quokka skeleton
  3 rats
  2 fungi
78 creatures vanquished.
